 Dungeon Crawl Stone Soup version 0.31-a0-496-g6f97920a28 (webtiles) character file.

Game seed: 2525243818580049852

1516 randomguy2701 the Thaumaturge (level 8, -19/41 HPs)
             Began as a Deep Elf Necromancer on Aug 9, 2023.
             Was an Initiate of Sif Muna.
             Killed from afar by Maggie (28 damage)
             ... with a bolt of fire
             ... on level 7 of the Dungeon.
             The game lasted 00:11:38 (6094 turns).

randomguy2701 the Thaumaturge (DENe)                Turns: 6094, Time: 00:11:38

Health: -19/41     AC: -2    Str:  5    XL:     8   Next: 54%
Magic:  19/23      EV: 18    Int: 23    God:    Sif Muna [......]
Gold:   240        SH:  5    Dex: 15    Spells: 24/26 levels left

rFire   . . .        x - +0 orcbow
rCold   . . .        (shield currently unavailable)
rNeg    . . .        a - +0 robe
rPois   .            (no helmet)
rElec   .            (no cloak)
rCorr   .            (no gloves)
SInv    .            (no boots)
Will    .....        B - amulet of reflection
Stlth   ++           j - +5 ring of evasion
HPRegen 0.26/turn    u - ring of flight
MPRegen 0.18/turn

%: reflection
@: corroded, flying
A: no striking features
a: Renounce Religion


You were on level 7 of the Dungeon.
You worshipped Sif Muna.
Sif Muna was noncommittal.
You visited 1 branch of the dungeon, and saw 7 of its levels.

You collected 240 gold pieces.

Inventory:

Hand Weapons
 v - a +0 short sword
 x - a +0 orcbow (weapon)
Armour
 a - a +0 robe (worn)
Jewellery
 f - an amulet of guardian spirit
 j - a +5 ring of evasion (left hand)
 l - a ring of fire
 u - a ring of flight (right hand)
 B - an amulet of reflection (around neck)
Wands
 w - a wand of charming (9)
Scrolls
 d - a scroll of torment {unknown}
 e - 9 scrolls of identify {unknown}
 g - 2 scrolls of fear {unknown}
 k - a scroll of silence {unknown}
 m - 4 scrolls of revelation {unknown}
 n - 4 scrolls of teleportation {unknown}
 o - 2 scrolls of noise {unknown}
 p - a scroll of acquirement {unknown}
 s - a scroll of enchant armour {unknown}
 y - a scroll of fog {unknown}
Potions
 b - 2 potions of magic
 c - a potion of resistance {unknown}
 h - 2 potions of brilliance {unknown}
 i - 3 potions of curing {unknown}
 q - a potion of might {unknown}
 r - 2 potions of enlightenment {unknown}
 t - 2 potions of mutation {unknown}
 z - a potion of berserk rage {unknown}
 A - 2 potions of cancellation {unknown}


   Skills:
 - Level 0.1 Fighting
 * Level 3.1 Ranged Weapons
 + Level 3.6 Dodging
 + Level 3.0 Stealth
 + Level 9.7 Spellcasting
 + Level 1.3 Conjurations
 + Level 9.2 Necromancy
 * Level 2.0 Air Magic


You had 24 spell levels left.
You knew the following spells:

 Your Spells              Type           Power      Damage    Failure   Level
a - Necrotise             Necr           100%       1d9       1%          1
b - Shock                 Conj/Air       72%        1d7       3%          1

Your spell library contained the following spells:

 Spells                   Type           Power      Damage    Failure   Level
 Cigotuvi's Dreadful Rot  Necr/Pois/Air  56%        N/A       1%          2
 Vampiric Draining        Necr           52%        2d9       1%          3
 Animate Dead             Necr           52%        N/A       1%          4
 Dispel Undead            Necr           52%        3d19      1%          4
 Agony                    Necr           52%        N/A       3%          5
 Slow                     Hex            44%        N/A       6%          1
 Swiftness                Air            20%        N/A       8%          3
 Confusing Touch          Hex            11%        N/A       17%         3
 Volatile Blastmotes      Fire/Tloc      22%        2d11      17%         3
 Death Channel            Necr           26%        N/A       21%         6
 Airstrike                Air            10%        2d(2-18)  24%         4
 Fulminant Prism          Conj/Hex       7%         3d7       41%         4
 Iskenderun's Mystic Bla  Conj/Tloc      14%        2d5       41%         4


Dungeon Overview and Level Annotations

Branches:
Dungeon (7/15)             Temple (0/1) D:5

Altars:
Makhleb
Nemelex Xobeh
Okawaru
Sif Muna
Trog
Uskayaw
Vehumet
Xom
Yredelemnul

Shops:
D:3 ?

Portals:
Bailey: D:7

Annotations:
D:6 1 runed translucent door
D:7 Maggie


Message History

Confirm with . or Enter, or press ? or * to list all spells.
Aiming: Necrotise (safe; 1% risk of failure)
Press: ? - help, Shift-Dir - straight line, f/p - acid dragon
Aim: an acid dragon (heavily wounded, chance to affect: 83%)
The acid dragon writhes in agony!
Your iguana skeleton crumbles into dust!
Maggie gives herself a magical halo, but it quickly sputters out.
Your orc skeleton closely misses the lemure.
Casting: Necrotise (safe; 1% risk of failure)
Confirm with . or Enter, or press ? or * to list all spells.
Aiming: Necrotise (safe; 1% risk of failure)
Press: ? - help, Shift-Dir - straight line, f/p - acid dragon
Aim: an acid dragon (severely wounded, chance to affect: 83%)
The acid dragon writhes in agony!
You kill the acid dragon!
Sif Muna accepts your kill.
The dead are flying!
Your orc skeleton hits Maggie but does no damage.
Your Ranged Weapons skill increases to level 3!
Your Air Magic skill increases to level 2!
Unknown command.
Your orc skeleton hits Maggie but does no damage.
There is a flagged portal here.
An ice beast comes into view.
Maggie casts a spell at you. The bolt of fire hits you!
* * * LOW HITPOINT WARNING * * *
Your acid dragon skeleton closely misses the lemure.
Your acid dragon skeleton claws the lemure but does no damage.
Casting: Necrotise (safe; 1% risk of failure)
Confirm with . or Enter, or press ? or * to list all spells.
Aiming: Shock (safe; 3% risk of failure)
Press: ? - help, Shift-Dir - straight line
Okay, then.
Your acid dragon skeleton bites the lemure but does no damage.
Your acid dragon skeleton closely misses the lemure.
Maggie gestures at you while chanting. The bolt of fire hits you!!
Ouch! That really hurt!
You die...

. #Y## #####
....########......
...).....8........ . ...
#........./... .. #.#
#@8.....8...# .### #.#
#...5.Z....# ... #.#
#..$.Z....#### #.###.#
#8...∩...8....
#..##.###..........#.
#####....#.......@.).....
#.....#..#.#.8...Z.8....#
#.###.##.#.#.....).......
#.# #.##........8.....###


You could see Maggie (ally target), a lemure (ally target), a friendly acid
dragon skeleton and 2 friendly orc skeletons.

Vanquished Creatures
  An acid dragon (D:7)
  A black bear (D:6)
  An ogre (D:5)
  A centaur (D:5)
  A phantom (D:5)
  Blork the orc (D:5)
  3 bullfrogs
  2 scorpions
  4 killer bees (D:5)
  A howler monkey (D:5)
  A hound (D:5)
  2 orc priests
  2 jellies
  4 iguanas
  Terence (D:3)
  3 orc wizards
  3 adders
  2 shadow imps (D:6)
  2 ufetubi
  2 worms
  3 dart slugs
  9 orcs
  9 ball pythons
  2 bats
  5 endoplasms
  A giant cockroach (D:3)
  7 goblins
  6 hobgoblins
  10 jackals
  9 kobolds
  5 quokkas
  4 frilled lizards
  6 rats
114 creatures vanquished.

Vanquished Creatures (collateral kills)
  3 orcs
  A frilled lizard (D:1)
  A kobold (D:3)
5 creatures vanquished.

Grand Total: 119 creatures vanquished

Notes
Turn   | Place    | Note
-------+----------+-------------------------------------------
     0 | D:1      | randomguy2701 the Deep Elf Necromancer began the quest for
                  | the Orb.
     0 | D:1      | Reached XP level 1. HP: 10/10 MP: 6/6
   130 | D:1      | Reached skill level 5 in Necromancy
   201 | D:1      | Reached XP level 2. HP: 12/15 MP: 1/8
   734 | D:1      | Reached XP level 3. HP: 19/19 MP: 7/10
  1469 | D:2      | Found a hide-covered altar of Uskayaw.
  1997 | D:3      | Reached XP level 4. HP: 22/24 MP: 6/12
  2045 | D:3      | Noticed Terence
  2055 | D:3      | Killed Terence
  2056 | D:3      | Reached skill level 5 in Spellcasting
  2513 | D:3      | Reached XP level 5. HP: 28/28 MP: 8/15
  2795 | D:3      | Found Odeucs's Magic Scroll Boutique.
  2956 | D:4      | Found a bloodstained altar of Trog.
  2957 | D:4      | Found a sparkling altar of Nemelex Xobeh.
  2958 | D:4      | Found a burning altar of Makhleb.
  2959 | D:4      | Found a basalt altar of Yredelemnul.
  2959 | D:4      | Found a radiant altar of Vehumet.
  2961 | D:4      | Found a shimmering altar of Xom.
  2975 | D:4      | Reached XP level 6. HP: 22/32 MP: 1/17
  3082 | D:4      | Found a shimmering blue altar of Sif Muna.
  3646 | D:4      | Became a worshipper of Sif Muna the Loreminder
  3736 | D:5      | Entered Level 5 of the Dungeon
  3842 | D:5      | Learned a level 1 spell: Shock
  3902 | D:5      | Reached XP level 7. HP: 26/36 MP: 3/20
  4404 | D:5      | Noticed Blork the orc
  4421 | D:5      | Killed Blork the orc
  4652 | D:5      | Found a staircase to the Ecumenical Temple.
  5024 | D:6      | Reached skill level 1 in Air Magic
  5024 | D:6      | Reached XP level 8. HP: 41/41 MP: 19/23
  5043 | D:6      | Found an iron altar of Okawaru.
  5045 | D:6      | Found a runed translucent door.
  5049 | D:6      | Found the +0 toga "Victory" {*Victory Clar}
  5578 | D:6      | Reached skill level 1 in Ranged Weapons
  5578 | D:6      | Reached skill level 1 in Conjurations
  6063 | D:7      | Found a flagged portal.
  6085 | D:7      | Noticed Maggie
  6094 | D:7      | Killed from afar by Maggie

Illustrated notes

Levels and vault maps discovered:
D:1:      kennysheep_arrival_forest, layout_loops_ring, minmay_pentomino_r2
D:2:      layout_loops_cross, basic_altar
D:3:      layout_loops_ring, serial_shops, shop, uniq_terence
D:4:      layout_basic, grunt_temple_overflow_open,
          hangedman_abyss_or_decor_passed
D:5:      layout_cave_pools, temple_hall, uniq_blork_the_orc
D:6:      layout_loops_corners, nicolae_overflow_guarded_unrand_okawaru_victory
D:7:      layout_basic, enter_bailey_6, nicolae_letterblocks
          [nicolae_letter_subblock, nicolae_letter_subblock,
          nicolae_letter_subblock, nicolae_letter_subblock,
          nicolae_letter_subblock, nicolae_letter_subblock,
          nicolae_letter_subblock, nicolae_letter_subblock,
          nicolae_letter_subblock, nicolae_letter_subblock,
          nicolae_letter_subblock, nicolae_letter_subblock,
          nicolae_letter_subblock, nicolae_letter_subblock,
          nicolae_letter_subblock, nicolae_letter_subblock,
          nicolae_letter_subblock, nicolae_letter_subblock,
          nicolae_letter_subblock, nicolae_letter_subblock,
          nicolae_letter_subblock, nicolae_letter_subblock,
          nicolae_letter_subblock, nicolae_letter_subblock,
          nicolae_letter_subblock], uniq_pikel, uniq_maggie

Skill      XL: |  1  2  3  4  5  6  7  8 |
---------------+-------------------------+-----
Necromancy     | 5 6 7 8 9 |  9.2
Spellcasting   | 4 6 7 9 |  9.7
Dodging        | 3 |  3.6
Air Magic      | 1 2 |  2.0
Ranged Weapons | 3 |  3.1
Conjurations   | 1 |  1.3
Stealth        | 3 |  3.0
Fighting       | |  0.1

Action                     |  1- 3 |  4- 6 |  7- 9 || total
---------------------------+-------+-------+-------++-------
  Melee: Unarmed           |    15 |       |       ||    15
         Short sword       |       |    27 |     3 ||    30
         Punch             |       |     1 |       ||     1
   Fire: Orcbow            |       |       |    18 ||    18
   Cast: Necrotise         |    78 |    82 |    88 ||   248
         Shock             |       |    10 |    16 ||    26
 Armour: Robe              |     6 |     5 |     3 ||    14
  Dodge: Dodged            |    27 |    92 |    54 ||   173

Table legend: (Time is in decaauts)
 A = Elapsed time spent in this place.
 B = Non-inter-level travel time spent in this place.
 C = Inter-level travel time spent in this place.
 D = Time resting spent in this place.
 E = Time spent auto-exploring this place.
 F = Levels seen in this place.
 G = Mean time per level.
                   A        B        C        D        E       F      G
               +--------+--------+--------+--------+--------+-----+--------+
         Total |   6099 |   5923 |    176 |      0 |   5146 |   7 |  871.3 |
       Dungeon |   6099 |   5923 |    176 |      0 |   5146 |   7 |  871.3 |
               +--------+--------+--------+--------+--------+-----+--------+

Top non-repeatable levels by time:
     D:1: 1138 daAuts
     D:5: 1082 daAuts
     D:6: 1017 daAuts
     D:3: 1006 daAuts
     D:4: 876 daAuts
     D:2: 715 daAuts
     D:7: 263 daAuts
